 Dungeon Crawl Stone Soup version 0.28-a0-643-g84cb2ea78e (webtiles) character file.

Game seed: 202217543520764032

210 blank1 the Ducker (level 6, -6/46 HPs)
             Began as a Djinni Gladiator on Oct 10, 2021.
             Killed by divine providence
             ... invoked by an orc priest
              (14 damage)
             ... on level 3 of the Dungeon.
             The game lasted 00:09:49 (3607 turns).

blank1 the Ducker (Djinni Gladiator)                Turns: 3607, Time: 00:09:50

Health: -6/46      AC:  4    Str: 13    XL:     6   Next: 12%
Gold:   39         EV: 13    Int:  9    God:
                   SH:  0    Dex: 17

rFire   + + .      SeeInvis .   a - +0 long sword
rCold   x . .      Faith    .   (no shield)
rNeg    . . .      Spirit   .   b - +0 leather armour
rPois   ∞          Reflect  .   c - +0 helmet
rElec   .          Harm     .   (no cloak)
rCorr   .          Rampage  .   (no gloves)
Will    .....                   (boots unavailable)
Stlth   +.........              (no amulet)
HPRegen 0.15/turn               (no ring)
MPRegen 0.00/turn               (no ring)

@: flying
A: sickness immunity, fire resistance 2, cold vulnerability 1, float, innate
caster, hp casting, extra vitality 1
a: no special abilities


You were on level 3 of the Dungeon.
You visited 1 branch of the dungeon, and saw 3 of its levels.
You also visited: Sewer.

You collected 39 gold pieces.

Inventory:

Hand Weapons
 a - a +0 long sword (weapon)
Missiles
 d - 2 throwing nets (quivered)
Armour
 b - a +0 leather armour (worn)
 c - a +0 helmet (worn)
Jewellery
 h - a ring of see invisible
Scrolls
 e - 2 scrolls of teleportation
 f - 3 scrolls of identify
 i - a scroll of silence {unknown}
 k - a scroll of fear {unknown}
Potions
 g - a potion of brilliance
 j - a potion of heal wounds {unknown}


   Skills:
 + Level 3.2 Fighting
 - Level 3.0 Long Blades
 - Level 1.5 Throwing
 + Level 2.3 Armour
 + Level 4.2 Dodging
 + Level 2.0 Spellcasting


You had 6 spell levels left.
You knew the following spells:

 Your Spells              Type           Power      Damage    Failure   Level
a - Magic Dart            Conj           16%        1d3       19%         1
b - Ensorcelled Hibernat  Hex/Ice        8%         N/A       28%         2
Your spell library was empty.

Dungeon Overview and Level Annotations

Branches:
Dungeon (3/15)              Sewer (visited)

Altars:
Hepliaklqana
Trog
Uskayaw


Innate Abilities, Weirdness & Mutations

You are immune to sickness and miasma.
You are immune to poison.
Your flesh is very heat resistant. (rF++)
You are vulnerable to cold. (rC-)
You float through the air rather than walking.
You learn spells naturally, not from books.
Your magical power is your life essence.
You have superior vitality. (+4 HP)


Message History

An orc comes into view. It is wielding a +0 falchion.
Casting: Ensorcelled Hibernation (dangerous; 28% risk of failure)
Confirm with . or Enter, or press ? or * to list all spells.
You don't know that spell.
Casting: Ensorcelled Hibernation (dangerous; 28% risk of failure)
Confirm with . or Enter, or press ? or * to list all spells.
Aiming: Ensorcelled Hibernation (dangerous; 28% risk of failure)
Press: ? - help, Shift-Dir - straight line, f/p - orc wizard
Aim: an orc wizard, wielding a +0 dagger and wearing a +0 robe (chance to affect: 36%)
The orc wizard looks drowsy...
The orc shouts!
An orc priest comes into view. It is wielding a +0 club.
The helpless orc wizard fails to defend itself.
You hit the orc wizard.
The orc wizard is lightly wounded.
The orc wizard barely misses you.
You closely miss the orc wizard.
The orc wizard is lightly wounded.
The orc priest invokes the aid of Beogh against you.
Beogh smites you! The orc wizard barely misses you.
You barely miss the orc wizard.
The orc wizard is lightly wounded.
The orc wizard hits you but does no damage.
The orc priest invokes the aid of Beogh against you.
Beogh smites you!
* * * LOW HITPOINT WARNING * * *
The orc wizard points at you and mumbles some strange words.
The puff of flame hits you. You resist.
* * * LOW HITPOINT WARNING * * *
The orc wizard points at you and mumbles some strange words.
You resist with some effort.
The orc wizard casts a spell.
The orc wizard flickers and vanishes!
Deactivating autopickup; reactivate with Ctrl-A.
The adder bites you but does no damage.
There is a stone staircase leading up here.
The adder bites you but does no damage.
The orc priest mumbles some strange prayers to Beogh against you.
Beogh smites you!
You die...

# ##(..#####.# # ##.## #.# #
### #.# #* #.# ,* #.# ,* #.#
,* ###.########***
,*******######...........,,*
,,,,,,,,........@#######.*,*
,,,,,,,,#######S## *,*,*
,*,****,* #.# *,*,* ,*,* *,*
#r# *,*,* ,*,* *,*
#.########,*,* ,*,* *,*
#.........,*,* ,*,* *,*
#..#######**,* ,*,* *,**
#o.# *,* ,*,* *,,*
#..#########,*


You could see an orc priest, an adder and a rat.

Vanquished Creatures
  A kobold brigand (Sewer)
  7 adders
  2 worms (D:2)
  An orc (D:3)
  5 endoplasms
  5 giant cockroaches
  4 goblins
  8 hobgoblins
  6 jackals
  10 kobolds
  A quokka (D:2)
  4 ball pythons
  6 bats
  2 frilled lizards
  3 rats
65 creatures vanquished.

Notes
Turn   | Place    | Note
-------+----------+-------------------------------------------
     0 | D:1      | blank1 the Djinni Gladiator began the quest for the Orb.
     0 | D:1      | Reached XP level 1. HP: 18/18 MP: 0/0
   182 | D:1      | Reached XP level 2. HP: 19/23 MP: 0/0
   777 | D:1      | Reached XP level 3. HP: 29/29 MP: 0/0
   777 | D:1      | Learned a level 1 spell: Magic Dart
   815 | D:1      | Reached skill level 1 in Armour
  1414 | D:2      | Reached XP level 4. HP: 14/34 MP: 0/0
  1956 | D:2      | Reached skill level 4 in Dodging
  1956 | D:2      | Reached skill level 1 in Spellcasting
  2285 | D:3      | Found a glowing drain.
  2297 | D:3      | Reached XP level 5. HP: 33/40 MP: 0/0
  2297 | D:3      | Learned a level 2 spell: Ensorcelled Hibernation
  2322 | Sewer    | Entered a sewer
  2586 | Sewer    | Noticed a kobold brigand
  2594 | Sewer    | Killed a kobold brigand
  2746 | Sewer    | Reached XP level 6. HP: 35/46 MP: 0/0
  2861 | Sewer    | Noticed Purgy
  3427 | D:3      | Found a bloodstained altar of Trog.
  3427 | D:3      | Found a hide-covered altar of Uskayaw.
  3435 | D:3      | Found a faded altar of an unknown god.
  3437 | D:3      | Found a hazy altar of Hepliaklqana.
  3439 | D:3      | Found a faded altar of an unknown god.
  3607 | D:3      | Killed from afar by an orc priest

Illustrated notes

Levels and vault maps discovered:
D:1:      dpeg_arrival_shelter, layout_loops_cross, roderic_roman_lattice,
          corner_web_ring
D:2:      minmay_recursive_quarters, layout_basic, minmay_tetromino_s4
D:3:      layout_loops_ring, chequers_temple_overflow_minitemple,
          gup_sewer_entry_glass

Skill      XL: |  1  2  3  4  5 |
---------------+----------------+-----
Armour         | 1 2 |  2.3
Long Blades    | 3 |  3.0
Dodging        | 4 |  4.2
Spellcasting   | 1 2 |  2.0
Fighting       | 3 |  3.2
Throwing       | |  1.5

Action                   |  1- 3 |  4- 6 || total
-------------------------+-------+-------++-------
Melee: Long sword        |   103 |   114 ||   217
Throw: Dart              |       |     3 ||     3
       Throwing net      |       |     1 ||     1
 Cast: Magic Dart        |     3 |    27 ||    30
       Ensorcelled Hiber |       |     6 ||     6
  Use: Scroll            |       |     5 ||     5
 Stab: Sleeping          |     2 |     4 ||     6
Armor: Leather armour    |    53 |    42 ||    95
Dodge: Dodged            |    99 |    97 ||   196

Table legend: (Time is in decaauts)
 A = Elapsed time spent in this place.
 B = Non-inter-level travel time spent in this place.
 C = Inter-level travel time spent in this place.
 D = Time resting spent in this place.
 E = Time spent auto-exploring this place.
 F = Levels seen in this place.
 G = Mean time per level.
                   A        B        C        D        E       F      G
               +--------+--------+--------+--------+--------+-----+--------+
         Total |   3661 |   3612 |     49 |   1052 |   1741 |   4 |  915.2 |
       Dungeon |   2952 |   2903 |     49 |    703 |   1616 |   3 |  984.0 |
         Sewer |    709 |    709 |      0 |    349 |    125 |   1 |  709.0 |
               +--------+--------+--------+--------+--------+-----+--------+

Top non-repeatable levels by time:
     D:2: 1187 daAuts
     D:1: 1104 daAuts
   Sewer: 709 daAuts
     D:3: 660 daAuts
